 Dungeon Sprint DCSS version 0.30.1-4-g462c640d31 (webtiles) character file.

Game seed: 7251819146738860050

4838 Heoruswealwe the Ninja (level 10, 0/53 HPs)
             Began as a Spriggan Artificer on Sept 6, 2023.
             Was an Initiate of Gozag.
             Shot with an arrow by a centaur warrior (26 damage)
             ... in the Dungeon (Sprint I: "Red Sonja").
             The game lasted 00:13:45 (530 turns).

Heoruswealwe the Ninja (Spriggan Artificer)          Turns: 530, Time: 00:13:47

Health: 0/53       AC:  4    Str:  8    XL:     10   Next: 25%
Magic:  11/11      EV: 26    Int: 13    God:    Gozag
Gold:   183        SH:  0    Dex: 20    Spells: 9/9 levels left

rFire   . . .        a - +5 dagger (speed)
rCold   . . .        (no shield)
rNeg    + . .        c - +2 robe {rN+}
rPois   .            (helmet restricted)
rElec   .            (no cloak)
rCorr   .            (gloves unavailable)
SInv    +            (boots unavailable)
Will    +....        (no amulet)
Stlth   ++++++++++   (no ring)
HPRegen 0.28/turn    (no ring)
MPRegen 0.12/turn

%: no teleportation
@: very quick
A: very small, no large weapons, unfitting armour, see invisible, speed 3
a: Renounce Religion, Potion Petition, Call Merchant, Bribe Branch


You were in the Dungeon.
You worshipped Gozag.
Gozag was aware of your devotion.
You visited 1 branch You collected 833 gold pieces.
You spent 621 gold pieces at shops.
You donated 29 gold pieces to Zin.

Inventory:

Hand Weapons
 a - a +5 dagger of speed (weapon)
Armour
 c - a +2 robe of positive energy (worn)
 q - the +0 mask of the Dragon {Will+ Slay+3 SInv}
   (You bought it in a shop in the Dungeon)

   Slay:      It affects your accuracy & damage with ranged weapons and melee
   (+3).
   SInv:      It lets you see invisible.
   Will:      It increases your willpower.
 r - a +0 cloak of poison resistance
Wands
 b - a wand of flame (13) (quivered)
 d - a wand of charming (15)
 e - a wand of iceblast (2)
 l - a wand of quicksilver (9)
Scrolls
 i - 2 scrolls of enchant weapon {unknown}
 j - a scroll of identify {unknown}
 k - a scroll of blinking
 m - a scroll of amnesia {unknown}
 o - a scroll of magic mapping {unknown}
Potions
 f - 2 potions of curing
 g - a potion of heal wounds
 h - a potion of haste
 n - a potion of lignification {unknown}
 p - a potion of invisibility {unknown}


   Skills:
 + Level 6.6 Fighting
 + Level 8.5 Short Blades
 + Level 10.7 Dodging
 O Level 27 Stealth
 * Level 11.4 Evocations


You had 9 spell levels left.
You didn't know any spells.
Your spell library was empty.

Dungeon Overview and Level Annotations

Branches:
Dungeon (1/1)

Altars:
Cheibriados
Dithmenos
Elyvilon
Fedhas
Gozag
Hepliaklqana
Kikubaaqudgha
Nemelex Xobeh
Okawaru
Qazlal
Ru
Sif Muna
Trog
Uskayaw
Vehumet
Wu Jian
Yredelemnul
Zin
The Shining One

Shops:
D :[:[[*[


Innate Abilities, Weirdness & Mutations

You are very small and have problems with some larger weapons.
You are too small for most types of armour.
You have supernaturally acute eyesight. (SInv)
You cover ground extremely quickly. (Speed+++)


Message History

A centaur warrior comes into view.
The centaur warrior moves out of view.
There is an open door here.
You enter the shallow water.
Moving in this stuff is going to be slow.
A centaur warrior comes into view.
Found a scroll labelled RECEKK MULONU.
The centaur warrior shouts!
The centaur warrior wields a +0 longbow.
The centaur warrior shoots an arrow.
The arrow completely misses you.
The centaur warrior wields a +0 shortbow.
The centaur warrior shoots an arrow.
The arrow completely misses you.
The centaur warrior shoots an arrow.
The arrow hits you!!
Found a bloodstained scarf.
There is an open door, spattered with blood here.
You see here a +0 robe.
Okay, then.
Okay, then.
Okay, then.
You feel better.
Okay, then.
The centaur warrior shoots an arrow.
The arrow hits you!
There is an open door here.
Aiming: Iceblast
Press: ? - help, Shift-Dir - straight line, f - centaur warrior
Aim: a centaur warrior, wielding a +0 longbow (purple smoke)
The mass of ice explodes!
The iceblast engulfs the centaur warrior!!
The centaur warrior is heavily wounded.
The centaur warrior shoots an arrow.
The arrow completely misses you.
The centaur warrior shoots an arrow.
The arrow hits you!
Aiming: Iceblast
Press: ? - help, Shift-Dir - straight line, f/p - centaur warrior
Aim: a centaur warrior, wielding a +0 longbow (purple smoke, heavily wounded)
The mass of ice explodes!
The iceblast engulfs the centaur warrior!!
The centaur warrior is almost dead.
The centaur warrior shoots an arrow.
The arrow hits you!!
You die...
Your body crumbles into a pile of gold.

..'..#.)[..#..+ $$ $
..#####'#####'# ### $ $
).####..#...#)####§§# $
$
..#__####..##.#~~~.§#$$
$ ..#_____##'#_.+§~~c§+
$
⌠⌠#_.∩..†'..._#~~cc§#$$
$ ###_..__##_.#'##c####
$$#_____###'#.#§§§.###
$
###########.####@###.##
$
∩........'...'..§..'.∩#
$
##''''####.).##########
$ $$ $ .......####.###


$$$$ ........#.#'#.# $ $$$$ ..#.....#.....# $ $$$$ ........#..().# $$$
.....#..####### $ ........# $ $ You could see a centaur warrior.

Vanquished Creatures
  Sonja (D)
  A deep troll (D)
  8 shining eyes (D)
  Sigmund (D)
  A yak (D)
  4 floating eyes (D)
  An ogre (D)
  A jelly (D)
  Ijyb (D)
  A ballistomycete spore (D)
20 creatures vanquished.

Vanquished Creatures (others)
  A ballistomycete spore (D)
1 creature vanquished.

Grand Total: 21 creatures vanquished

Notes
Turn   | Place    | Note
-------+----------+-------------------------------------------
     0 | D        | Heoruswealwe the Spriggan Artificer began the quest for the
                  | Orb.
     0 | D        | Reached XP level 1. HP: 9/9 MP: 2/2
     1 | D        | Noticed Ijyb
     8 | D        | Killed Ijyb
     9 | D        | Reached skill level 9 in Stealth
     9 | D        | Reached XP level 2. HP: 14/14 MP: 3/3
    21 | D        | Noticed an ogre
    24 | D        | Killed an ogre
    25 | D        | Reached skill level 14 in Stealth
    25 | D        | Reached XP level 3. HP: 17/17 MP: 4/4
    25 | D        | Reached XP level 4. HP: 21/21 MP: 5/5
    33 | D        | Noticed Sigmund
    39 | D        | Killed Sigmund
    40 | D        | Reached skill level 18 in Stealth
    40 | D        | Reached XP level 5. HP: 22/25 MP: 6/6
    40 | D        | Reached XP level 6. HP: 26/29 MP: 7/7
    66 | D        | Found an ornate altar of the Wu Jian Council.
    66 | D        | Found a shimmering blue altar of Sif Muna.
    68 | D        | Found a radiant altar of Vehumet.
    68 | D        | Identified the +1 hand axe of the Wary Villages {drain,
                  | rPois rC+}
    73 | D        | Reached skill level 19 in Stealth
   104 | D        | Found Wim Tisk's Armour Emporium.
   104 | D        | Found an ancient bone altar of Kikubaaqudgha.
   104 | D        | Found a hazy altar of Hepliaklqana.
   104 | D        | Found a stormy altar of Qazlal.
   104 | D        | Found a hide-covered altar of Uskayaw.
   104 | D        | Found a blossoming altar of Fedhas.
   104 | D        | Found a bloodstained altar of Trog.
   104 | D        | Found an iron altar of Okawaru.
   104 | D        | Found a basalt altar of Yredelemnul.
   104 | D        | Found a glowing golden altar of the Shining One.
   104 | D        | Found a snail-covered altar of Cheibriados.
   104 | D        | Found a sacrificial altar of Ru.
   104 | D        | Found a glowing silver altar of Zin.
   104 | D        | Found a shadowy altar of Dithmenos.
   104 | D        | Found a white marble altar of Elyvilon.
   104 | D        | Noticed a yak
   105 | D        | Found an opulent altar of Gozag.
   106 | D        | Killed a yak
   107 | D        | Reached skill level 21 in Stealth
   107 | D        | Found a sparkling altar of Nemelex Xobeh.
   112 | D        | Became a worshipper of Zin the Law-Giver
   112 | D        | Reached * piety under Zin
   112 | D        | Reached ** piety under Zin
   112 | D        | Reached *** piety under Zin
   112 | D        | Reached **** piety under Zin
   112 | D        | Reached ***** piety under Zin
   112 | D        | Reached ****** piety under Zin
   121 | D        | Noticed Sonja
   125 | D        | Killed Sonja
   126 | D        | Reached skill level 25 in Stealth
   126 | D        | Reached XP level 7. HP: 32/32 MP: 8/8
   126 | D        | Reached XP level 8. HP: 37/37 MP: 9/9
   143 | D        | Found Juof's Book Boutique.
   154 | D        | Noticed a shining eye
   154 | D        | Noticed a shining eye
   154 | D        | Noticed a shining eye
   154 | D        | Noticed a shining eye
   154 | D        | Noticed a shining eye
   154 | D        | Noticed a shining eye
   157 | D        | Reached skill level 1 in Fighting
   157 | D        | Reached skill level 1 in Short Blades
   157 | D        | Noticed a shining eye
   157 | D        | Noticed a shining eye
   163 | D        | Reached skill level 5 in Evocations
   164 | D        | Paralysed by a floating eye for 3 turns
   168 | D        | Killed a shining eye
   170 | D        | Killed a shining eye
   171 | D        | Reached XP level 9. HP: 45/45 MP: 10/10
   174 | D        | Paralysed by a floating eye for 4 turns
   179 | D        | Killed a shining eye
   180 | D        | Reached skill level 5 in Short Blades
   180 | D        | Reached skill level 26 in Stealth
   185 | D        | Killed a shining eye
   186 | D        | Reached skill level 5 in Fighting
   186 | D        | Paralysed by a floating eye for 4 turns
   196 | D        | Killed a shining eye
   215 | D        | Killed a shining eye
   227 | D        | Killed a shining eye
   228 | D        | Reached skill level 10 in Evocations
   228 | D        | Reached XP level 10. HP: 53/53 MP: 11/11
   243 | D        | Killed a shining eye
   244 | D        | Reached skill level 10 in Dodging
   244 | D        | Reached skill level 27 in Stealth
   261 | D        | Fell from the grace of Zin
   261 | D        | Became a worshipper of Gozag Ym Sagoz the Greedy
   269 | D        | Noticed a deep troll
   273 | D        | Killed a deep troll
   286 | D        | Found Sigis's Armour Emporium.
   418 | D        | Found Offent's Antique Armour Shop.
   418 | D        | Found Keim's Book Emporium.
   418 | D        | Found Qonnuim's Assorted Antiques.
   419 | D        | Found Zyudaecs's Armour Shoppe.
   433 | D        | Bought a scroll labelled XUNGUB GISTA for 25 gold pieces
   433 | D        | Bought a scroll labelled BOFE YXATHRINA for 25 gold pieces
   433 | D        | Bought a bubbling grey potion for 22 gold pieces
   433 | D        | Bought a scroll labelled QAGIFYREYTO for 25 gold pieces
   433 | D        | Bought an inky potion for 22 gold pieces
   490 | D        | Bought the +0 mask of the Dragon {Will+ Slay+3 SInv} for
                  | 400 gold pieces
   490 | D        | Found the +0 mask of the Dragon {Will+ Slay+3 SInv}
   490 | D        | Bought a +0 cloak of poison resistance for 102 gold pieces
   522 | D        | Noticed a centaur warrior
   524 | D        | Noticed a centaur warrior
   530 | D        | Shot with an arrow by a centaur warrior

Illustrated notes

Levels and vault maps discovered:
D:        dungeon_sprint_1 [red_sonja_temple_1, red_sonja_temple_small_1]

Skill      XL: |  1  2  3  4  5  6  7  8  9 10 |
---------------+-------------------------------+-----
Stealth        | 9 14 18 25 26 27 | 27.0
Fighting       | 3 6 |  6.6
Short Blades   | 4 7 8 |  8.5
Dodging        | 6 9 10 | 10.7
Evocations     | 7 10 11 | 11.4

Action                     |  1- 3 |  4- 6 |  7- 9 | 10-12 || total
---------------------------+-------+-------+-------+-------++-------
  Melee: Dagger            |     1 |     3 |    42 |    18 ||    64
         Punch             |       |       |     2 |     1 ||     3
  Evoke: Wand              |     3 |     3 |       |     2 ||     8
    Use: Potion            |       |       |       |     1 ||     1
   Stab: Sleeping          |     1 |     3 |     8 |     2 ||    14
  Dodge: Dodged            |     1 |       |       |     3 ||     4
